 Dungeon Sprint DCSS version 0.20-a0-809-gaf7f668 (webtiles) character file.

42004 esc the Intangible (level 22, -65/165 HPs)
             Began as a Felid Artificer on Mar 3, 2017.
             Was the Champion of Wu Jian.
             Killed from afar by an orb of ice (79 damage)
             ... with a great icy blast
             ... in the Dungeon (Sprint VI: "Thunderdome").
             The game lasted 00:56:48 (4697 turns).

esc the Intangible (Felid Artificer)                Turns: 4697, Time: 00:56:48

Health: -65/165    AC: 32    Str: 13    XL:     22   Next: 52%
Magic:  45/45      EV: 46    Int: 25    God:    Wu Jian [******]
Gold:   9195       SH:  0    Dex: 25    Spells: 28/57 levels left
                                        Lives:  0   Deaths: 4

rFire    + + .     SeeInvis +     - Unarmed
rCold    + . .     Gourm    .   (armour unavailable)
rNeg     + + .     Faith    +   (shield unavailable)
rPois    ∞         Spirit   .   (helmet unavailable)
rElec    +         Reflect  .   (cloak unavailable)
rCorr    +         Harm     .   (gloves unavailable)
MR       ++++.     Rnd*Rage +   (boots unavailable) Stlth ++........NoTele +
                                z - amulet "Burryxz Ogosch" {Faith rElec rC+ Int+4 Stlth+}
Regen    0.4/turn               q - ring of Wogecwey {Fire rPois MR+ Int+4 Dex+7}
MPRegen  0.3/turn               p - ring "Wytotuxi" {rCorr rElec rF+ rN+}

@: statue-form, frozen, glowing, heaven on earth, very slow
A: no armour, no weapons or thrown items, stealth, claws 1, fangs 3, repulsion
field 1, (thin metallic scales 0), (yellow scales 0), see invisible, berserk 1,
carnivore 3, cold resistance 1, (speed 0), mutation resistance 1, poison
resistance, (shaggy fur 0), slow metabolism 1, wild magic 1, sharp paws
}: 5/15 runes: serpentine, slimy, silver, gossamer, mossy
a: End Transformation, Serpent's Lash, Heaven On Earth, Renounce Religion


You were in the Dungeon.
You worshipped Wu Jian.
Wu Jian was exalted by your worship.
You were not hungry.
You were a stone statue.
You visited 1 branch You collected 16301 gold pieces.
You spent 7106 gold pieces at shops.

Inventory:

Jewellery
 p - the ring "Wytotuxi" (left paw) {rCorr rElec rF+ rN+}
   (You bought it in a shop in the Dungeon)

   [ring of resist corrosion]

   It protects you from fire.
   It insulates you from electricity.
   It protects you from negative energy.
 q - the ring of Wogecwey (right paw) {Fire rPois MR+ Int+4 Dex+7}
   (You bought it in a shop in the Dungeon)

   [ring of fire]

   It enhances your fire magic.
   It affects your intelligence (+4).
   It affects your dexterity (+7).
   It protects you from fire.
   It makes you vulnerable to cold.
   It protects you from poison.
   It affects your resistance to hostile enchantments.
 z - the amulet "Burryxz Ogosch" (around neck) {Faith rElec rC+ Int+4 Stlth+}
   (You bought it in a shop in the Dungeon)

   [amulet of faith]

   It allows you to gain divine favour quickly.
   It affects your intelligence (+4).
   It protects you from cold.
   It insulates you from electricity.
   It makes you more stealthy.
Wands
 a - a wand of flame (15/48)
 b - a wand of enslavement (12/24)
 k - a wand of acid (0/15)
   (You found it in the Dungeon)
 l - a wand of iceblast (2/15)
   (You found it in the Dungeon)
 v - a wand of paralysis (15/24)
   (You found it in the Dungeon)
 x - a wand of paralysis (15/24)
   (You found it in the Dungeon)
Scrolls
 j - 7 scrolls of blinking {!r}
 m - 5 scrolls of fog
 o - 3 scrolls of silence
 u - 8 scrolls of identify
Potions
 e - a potion of curing
 f - 7 potions of heal wounds
 g - 7 potions of haste
 h - 2 potions of magic
 i - a potion of berserk rage {!q}
 n - a potion of resistance
 s - 6 potions of might
 w - 6 potions of agility
Books
 r - a book of the Earth
   (You bought it in a shop in the Dungeon)
 y - a book of Alchemy
   (You found it in the Dungeon)
 A - a book of Enchantments
   (You bought it in a shop in the Dungeon)
Miscellaneous
 t - a quad damage
   (You bought it in a shop in the Dungeon)
Comestibles
 c - 7 chunks of flesh {@w0}
 d - a meat ration {@e2}


   Skills:
 O Level 27 Fighting
 O Level 27 Dodging
 - Level 1.3 Stealth
 O Level 27 Unarmed Combat
 + Level 18.3 Spellcasting
 + Level 12.3 Hexes
 + Level 10.5 Charms
 + Level 22.2 Transmutations
 + Level 8.2 Air Magic
 + Level 19.2 Earth Magic
 + Level 23.4 Evocations


You had 28 spell levels left.
You knew the following spells:

 Your Spells              Type           Power        Failure   Level  Hunger
a - Statue Form           Tmut/Erth      ########.    1%          6    ###....
b - Discord               Hex            #######...   93%         8    ######.
c - Shatter               Erth           ########..   75%         9    #######
d - Deflect Missiles      Chrm/Air       ######....   14%         6    ###....


Dungeon Overview and Level Annotations

Branches:
Dungeon (1/1)

Altars:
Cheibriados
Dithmenos
Fedhas
Gozag
Kikubaaqudgha
Makhleb
Okawaru
Qazlal
Ru
Sif Muna
Trog
Uskayaw
Vehumet
Wu Jian
Xom
Yredelemnul
Zin
The Shining One
Beogh
Jiyva
Lugonu

Shops:
D [%??*?*:[((!!!!


Innate Abilities, Weirdness & Mutations

You cannot wear armour.
You are incapable of wielding weapons or throwing items.
Your paws allow you to move quietly. (Stealth)
You have sharp claws.
You have razor-sharp teeth.
You have supernaturally acute eyesight. (SInv)
You are carnivorous and can eat meat at any time.
((You cover ground quickly.))
((Your thick and shaggy fur keeps you warm. (AC +3, rC+)))
You have a slow metabolism.
Your sharp claws are effective at attacking unaware monsters.
You are surrounded by a mild repulsion field. (EV +2)
((You are partially covered in thin metallic scales. (AC +2)))
((You are partially covered in yellow scales. (AC +2)))
You tend to lose your temper in combat.
Your flesh is cold resistant. (rC+)
You are somewhat resistant to further mutation.
Your system is resistant to poisons. (rPois)
Your spells are a little harder to cast, but a little more powerful.


Message History

The lightning arc hits the orb of electricity.
The orb of electricity completely resists.
The lightning arc hits the orb of ice.
The orb of ice completely resists.
The lightning arc hits the orb of electricity.
The orb of electricity appears unharmed.
The lightning arc hits the orb of ice.
The orb of ice completely resists.
The lightning arc hits you! You resist.
The lightning arc hits the orb of electricity.
The orb of electricity completely resists.
You are now level 22!
You revert to your normal fleshy form.
You rejoin the land of the living...
You now have 127/127 hp.
The Orb of Zot.
The floor.
There is a cloud of freezing vapour here.
Really read
j - 7 scrolls of blinking {!r}?
Blink to where?
Okay, then.
The Orb of Zot.
The floor.
There is a cloud of freezing vapour here.
An orb of electricity comes into view.
Things that are here:
a leather armour; 40 arrows; a longbow
As you read the scroll of fog, it crumbles to dust.
The scroll dissolves into smoke.
You turn into a living statue of rough stone.
You now have 165/165 hp.
You spin and attack the orb of electricity.
You eviscerate the orb of electricity!!!!!!
You destroy the orb of electricity!
The Council accepts your kill.
Your Hexes skill gained 3 levels and is now at level 8!
Your Charms skill gained 2 levels and is now at level 6!
Your Air Magic skill gained 2 levels and is now at level 5!
Things that are here:
a leather armour; 40 arrows; a longbow You spin and attack the orb of electricity.
You eviscerate the orb of electricity!!!!!!!
You destroy the orb of electricity!
The Council accepts your kill.
Your Hexes skill gained 2 levels and is now at level 10!
Your Charms skill gained 2 levels and is now at level 8!
Your Air Magic skill increases to level 6!
Your Evocations skill increases to level 23!
Things that are here:
a dire flail; an enchanted dire flail An orb of ice comes into view.
Some of the chunks of flesh in your inventory have rotted away.
An orb of fire comes into view.
The orb of fire glows yellow.
The bolt of fire misses you.
Things that are here:
a cloak; a club The orb of fire emits a lurid red light.
The fireball explodes!
The fireball engulfs you! You resist.
The fireball engulfs the orb of fire.
The orb of fire completely resists.
You take 9 damage, and have 156/165 hp.
You spin and attack the orb of fire.
You eviscerate the orb of fire!!!!!!
You destroy the orb of fire!
The Council accepts your kill.
Your Spellcasting skill increases to level 18!
Your Hexes skill increases to level 11!
Your Charms skill increases to level 9!
Your Air Magic skill increases to level 7!
Your Earth Magic skill increases to level 19!
The orb of ice glows red.
The orb of ice conjures a mighty blast of ice!
The great icy blast engulfs you! You partially resist.
You are encased in ice.
You see here the Orb of Zot.
You take 35 damage, and have 121/165 hp.
MASSIVE DAMAGE!!
Unknown command.
Unknown command.
You repeatedly attack the orb of ice from above!
You eviscerate the orb of ice!!!!!!
You destroy the orb of ice!
The Council accepts your kill.
Your Hexes skill increases to level 12!
Your Charms skill increases to level 10!
Your Transmutations skill increases to level 22!
Your Air Magic skill increases to level 8!
An orb of fire comes into view.
You are engulfed in freezing vapours.
You resist. The ice encasing you melts away.
The orb of ice emits a lurid red light.
The orb of ice conjures a mighty blast of ice!
The great icy blast engulfs you! You partially resist.
Ouch! That really hurt!
* * * LOW HITPOINT WARNING * * *
You are encased in ice.
The orb of fire emits a lurid red light.
Strange energies course through your body.
You feel odd for a moment.
The orb of ice is engulfed in freezing vapours.
The orb of ice glows red.
The orb of ice conjures a mighty blast of ice!
The great icy blast engulfs you! You partially resist.
You die...

#_....§§§§# #_...§§.._#
###(.(§.....### #⌠....§§§.).(⌠#
######.8...§§§...8.######
##∩_._...§§*###§).(.(.__∩##
###∩.......§8§# #.8..)...*.∩###
##..........§§§###...[.).).....#
#⌠...[...[.§###8§.###(.........⌠
#⌠.....)..§§# #§§§# #....*)....⌠
#⌠....)..§§.###§§§###[[..[.)...⌠
##.....=§§([...###*....)....)..#
###∩..[[....8.# #.8.((.(...∩###
##∩___......###.)§).._._∩##
######(8..)(.§.[.8.######
#(.)....(..)[(# ###.)..[[...###


You could see an orb of fire and an orb of ice.

Vanquished Creatures
  Mara (D)
  7 orbs of fire (D)
  2 ancient liches (D)
  Agnes (D)
  Frederick (D)
  3 Killer Klowns (D)
  3 golden dragons (D)
  Arachne (D)
  Nikola (D)
  An electric golem (D)
  2 liches (D)
  A tentacled monstrosity (D)
  2 deep elf master archers (D)
  8 Orb Guardians (D)
  2 titans (D)
  4 acid blobs (D)
  A shadow dragon (D)
  Donald (D)
  An azure jelly (D)
  5 ghost moths (D)
  Louise (D)
  3 deep elf sorcerers (D)
  4 emperor scorpions (D)
  A deep elf demonologist (D)
  2 stone giants (D)
  A spark wasp (shapeshifter) (D)
  11 ettins (D)
  A deep elf high priest (D)
  5 death oozes (D)
  2 great orbs of eyes (D)
  4 vault guards (D)
  An anaconda (D)
  A centaur warrior (D)
  A two-headed ogre (shapeshifter) (D)
  2 two-headed ogres (D)
  A death yak (D)
  A shock serpent (shapeshifter) (D)
  A deep elf knight (D)
  2 death drakes (shapeshifter) (D)
  A sea snake (shapeshifter) (D)
  Aizul (D)
  A skeletal warrior (D)
  3 unseen horrors (shapeshifter) (D)
  A swamp dragon (shapeshifter) (D)
  2 naga ritualists (D)
  4 harpies (shapeshifter) (D)
  A lindwurm (shapeshifter) (D)
  A shining eye (shapeshifter) (D)
  5 harpies (D)
  4 orb spiders (D)
  2 orb spiders (shapeshifter) (D)
  A mana viper (shapeshifter) (D)
  7 deep elf magi (D)
  A mana viper (D)
  A shining eye (D)
  2 wolf spiders (D)
  A manticore (shapeshifter) (D)
  An orc sorcerer (D)
  A faun (shapeshifter) (D)
  A cyclops (D)
  Maurice (D)
  12 moths of wrath (D)
  2 moths of wrath (shapeshifter) (D)
  4 black mambas (D)
  A manticore (D)
  16 smoke demons (D)
  2 black mambas (shapeshifter) (D)
  3 guardian serpents (shapeshifter) (D)
  A spiny frog (shapeshifter) (D)
  A kobold demonologist (D)
  A yaktaur (D)
  14 tormentors (D)
  A queen bee (shapeshifter) (D)
  A tyrant leech (shapeshifter) (D)
  A troll (D)
  2 jumping spiders (shapeshifter) (D)
  3 tyrant leeches (D)
  A dream sheep (D)
  A meliai (shapeshifter) (D)
  8 slime creatures (D)
  A blink frog (shapeshifter) (D)
  A raiju (shapeshifter) (D)
  A hippogriff (shapeshifter) (D)
  2 snapping turtles (shapeshifter) (D)
  A shadow (D)
  A tarantella (shapeshifter) (D)
  A wyvern (D)
  A redback (D)
  A fire bat (shapeshifter) (D)
  7 hungry ghosts (D)
  A golden eye (shapeshifter) (D)
  A swamp worm (shapeshifter) (D)
  An acid dragon (shapeshifter) (D)
  A naga (D)
  A naga (shapeshifter) (D)
  A swamp drake (shapeshifter) (D)
  3 porcupines (D)
  7 dwarves (D)
  A sky beast (D)
  4 eyes of draining (D)
  An ice beast (shapeshifter) (D)
  An ogre (D)
  4 bullfrogs (D)
  A scorpion (D)
  A wight (D)
  A hound (D)
  Crazy Yiuf (D)
  A gnoll shaman (D)
  A hell rat (D)
  A worker ant (shapeshifter) (D)
  2 gnolls (D)
  A shadow imp (D)
  3 adder zombies (D)
  3 adder skeletons (D)
  7 worms (D)
  A leopard gecko skeleton (D)
  A quokka skeleton (D)
280 creatures vanquished.

Notes
Turn   | Place    | Note
-------+----------+-------------------------------------------
     0 | D        | esc the Felid Artificer began the quest for the Orb.
     0 | D        | Reached XP level 1. HP: 9/9 MP: 4/4
     1 | D        | Found a blossoming altar of Fedhas.
     1 | D        | Found a roughly hewn altar of Beogh.
     2 | D        | Found a glowing silver altar of Zin.
     3 | D        | Found a bloodstained altar of Trog.
     3 | D        | Found a deep blue altar of Sif Muna.
     4 | D        | Found Uclag's Bee Food.
     4 | D        | Found a hide-covered altar of Uskayaw.
     4 | D        | Found a basalt altar of Yredelemnul.
     4 | D        | Found Xotukhlaa's Identification Station.
     5 | D        | Found Umoetewn's Jewellery.
     5 | D        | Found Icwafoss's Advanced Armour.
     7 | D        | Round 1.
    20 | D        | Reached skill level 3 in Dodging
    22 | D        | Bought a flickering copper amulet for 45 gold pieces
    22 | D        | Bought a wavering bronze ring for 45 gold pieces
    22 | D        | Bought a scintillating turquoise ring for 45 gold pieces
    22 | D        | Identified the amulet of Uzuc {+Rage rPois MR+ Str-3 Slay+3} (You bought it in a shop in the Dungeon)
    23 | D        | Identified the ring of Wogecwey {Fire rPois MR+ Int+4 Dex+7} (You bought it in a shop in the Dungeon)
    24 | D        | Identified the ring "Wytotuxi" {rCorr rElec rF+ rN+} (You bought it in a shop in the Dungeon)
    82 | D        | Found a viscous altar of Jiyva.
    82 | D        | Found Seipec's Magic Scroll Shop.
    83 | D        | Found Giotwamu's Magic Scroll Shop.
    83 | D        | Found Soykkyg's Must-Have Magic.
    84 | D        | Found an ancient bone altar of Kikubaaqudgha.
    84 | D        | Found an opulent altar of Gozag.
    84 | D        | Found a corrupted altar of Lugonu.
    84 | D        | Found Yvamaw's Staff Store.
    92 | D        | Reached skill level 2 in Fighting
    92 | D        | Reached skill level 2 in Unarmed Combat
    92 | D        | Reached XP level 2. HP: 9/13 MP: 5/5
    99 | D        | Found an ornate altar of the Wu Jian Council.
   100 | D        | Found a burning altar of Makhleb.
   101 | D        | Found an iron altar of Okawaru.
   101 | D        | Found a glowing golden altar of the Shining One.
   102 | D        | Found a sacrificial altar of Ru.
   102 | D        | Found a shadowy altar of Dithmenos.
   102 | D        | Found Satoegg's Premium Goods.
   102 | D        | Found Ceaxkais's Weapon Rack.
   103 | D        | Found Gownoehasa's Miscellaneous Merchandise.
   103 | D        | Found Kuuv's Basic Armour.
   107 | D        | Became a worshipper of the Wu Jian Council
   114 | D        | Reached skill level 4 in Dodging
   114 | D        | Reached skill level 4 in Evocations
   115 | D        | Noticed a necrophage
   128 | D        | Found a stormy altar of Qazlal.
   130 | D        | Found a snail-covered altar of Cheibriados.
   131 | D        | Found Xeelen's Do-It-Yourself Clinic.
   132 | D        | Found Ficwasei's Bottled Wisdom.
   132 | D        | Found Toqan's Distillery.
   132 | D        | Found a shimmering altar of Xom.
   132 | D        | Found a radiant altar of Vehumet.
   132 | D        | Found Kesyvercho's Distillery.
   197 | D        | Arena points: 5 (+5) [x1]
   213 | D        | Round 2.
   234 | D        | Noticed Crazy Yiuf
   237 | D        | Reached skill level 3 in Fighting
   237 | D        | Reached skill level 5 in Dodging
   237 | D        | Reached skill level 3 in Unarmed Combat
   237 | D        | Reached XP level 3. HP: 9/17 MP: 7/7
   237 | D        | Killed Crazy Yiuf
   237 | D        | Reached * piety under Wu Jian
   237 | D        | Reached skill level 5 in Evocations
   237 | D        | Reached XP level 4. HP: 12/22 MP: 7/9
   290 | D        | Reached skill level 4 in Fighting
   290 | D        | Reached skill level 6 in Dodging
   290 | D        | Reached skill level 4 in Unarmed Combat
   297 | D        | Reached skill level 6 in Evocations
   324 | D        | Reached ** piety under Wu Jian
   324 | D        | Arena points: 29 (+24) [x2]
   389 | D        | Round 3.
   396 | D        | Noticed a porcupine
   408 | D        | Mangled by a porcupine
   409 | D        | Reached XP level 3. HP: -8/18 MP: 8/8
   418 | D        | Killed a porcupine
   418 | D        | Reached skill level 5 in Fighting
   418 | D        | Reached skill level 8 in Dodging
   418 | D        | Reached skill level 5 in Unarmed Combat
   418 | D        | Reached skill level 7 in Evocations
   418 | D        | Reached XP level 4. HP: 24/24 MP: 8/10
   418 | D        | Reached XP level 5. HP: 27/27 MP: 8/11
   422 | D        | Noticed a porcupine
   438 | D        | Killed a porcupine
   438 | D        | Reached skill level 6 in Fighting
   438 | D        | Reached skill level 6 in Unarmed Combat
   463 | D        | Noticed a death yak
   472 | D        | Reached skill level 9 in Dodging
   472 | D        | Reached skill level 8 in Evocations
   472 | D        | Gained mutation: You are covered in thick fur. (AC +2) [Felid growth]
   472 | D        | Reached XP level 6. HP: 29/31 MP: 11/13
   476 | D        | Killed a death yak
   476 | D        | Reached *** piety under Wu Jian
   476 | D        | Reached skill level 8 in Fighting
   476 | D        | Reached skill level 11 in Dodging
   476 | D        | Reached skill level 8 in Unarmed Combat
   476 | D        | Reached skill level 10 in Evocations
   476 | D        | Reached XP level 7. HP: 23/37 MP: 11/15
   537 | D        | Noticed a dream sheep
   540 | D        | Reached skill level 9 in Unarmed Combat
   551 | D        | Killed a dream sheep
   551 | D        | Arena points: 92 (+63) [x3]
   551 | D        | Reached skill level 9 in Fighting
   551 | D        | Reached XP level 8. HP: 35/42 MP: 16/16
   610 | D        | Round 4.
   620 | D        | Noticed Maurice
   625 | D        | Reached skill level 12 in Dodging
   644 | D        | Killed Maurice
   644 | D        | Reached **** piety under Wu Jian
   644 | D        | Reached skill level 11 in Evocations
   650 | D        | Reached skill level 10 in Unarmed Combat
   670 | D        | Reached skill level 10 in Fighting
   671 | D        | Noticed Psyche
   671 | D        | Arena points: 188 (+96) [x4]
   689 | D        | Round 5.
   695 | D        | Noticed Aizul
   695 | D        | Noticed a black mamba
   702 | D        | Killed a black mamba
   702 | D        | Reached skill level 13 in Dodging
   702 | D        | Reached XP level 9. HP: 35/47 MP: 18/18
   724 | D        | Killed Aizul
   724 | D        | Arena points: 428 (+240) [x6]
   724 | D        | Reached skill level 11 in Unarmed Combat
   724 | D        | Reached skill level 12 in Evocations
   725 | D        | Got a serpentine rune of Zot
   890 | D        | Round 6.
   903 | D        | Reached skill level 14 in Dodging
   954 | D        | Reached skill level 11 in Fighting
   961 | D        | Reached ***** piety under Wu Jian
  1024 | D        | Bought 3 potions of haste for 210 gold pieces
  1031 | D        | Bought a potion of experience for 300 gold pieces
  1032 | D        | Reached skill level 13 in Evocations
  1032 | D        | Reached XP level 10. HP: 52/52 MP: 20/20
  1033 | D        | Reached skill level 15 in Dodging
  1033 | D        | Reached XP level 11. HP: 57/57 MP: 20/22
  1042 | D        | Reached skill level 14 in Evocations
  1048 | D        | Reached skill level 12 in Unarmed Combat
  1056 | D        | Arena points: 764 (+336) [x7]
  1125 | D        | Round 7.
  1134 | D        | Reached skill level 12 in Fighting
  1159 | D        | Noticed a mana viper
  1169 | D        | Killed a mana viper
  1175 | D        | Noticed a naga ritualist
  1187 | D        | HP: 8/57 [black mamba (13)]
  1190 | D        | Noticed a naga ritualist
  1191 | D        | Slain by a black mamba
  1192 | D        | Reached XP level 10. HP: -1/53 MP: 19/22
  1193 | D        | Noticed a black mamba
  1198 | D        | Killed a black mamba
  1198 | D        | Reached skill level 15 in Evocations
  1198 | D        | Killed a black mamba
  1201 | D        | Killed a naga ritualist
  1201 | D        | Reached skill level 16 in Dodging
  1202 | D        | Killed a naga ritualist
  1202 | D        | Reached skill level 13 in Unarmed Combat
  1202 | D        | Reached XP level 11. HP: 56/58 MP: 23/23
  1209 | D        | Noticed an anaconda
  1211 | D        | Killed an anaconda
  1211 | D        | Arena points: 1268 (+504) [x8]
  1211 | D        | Reached skill level 13 in Fighting
  1211 | D        | Reached skill level 16 in Evocations
  1292 | D        | Round 8.
  1296 | D        | Noticed a harpy
  1296 | D        | a troll changed into a harpy
  1297 | D        | Noticed an unseen horror
  1299 | D        | Killed a harpy
  1300 | D        | Noticed a death drake
  1300 | D        | Killed an unseen horror
  1302 | D        | Reached skill level 17 in Dodging
  1304 | D        | Reached ****** piety under Wu Jian
  1304 | D        | Reached skill level 17 in Evocations
  1304 | D        | Noticed a harpy
  1304 | D        | a soldier ant changed into a harpy
  1306 | D        | Killed a death drake
  1308 | D        | a harpy changed into a golden eye
  1337 | D        | Arena points: 1916 (+648) [x9]
  1351 | D        | Bought a book of the Earth for 455 gold pieces
  1358 | D        | Learned a level 6 spell: Statue Form
  1368 | D        | Round 9.
  1446 | D        | Reached skill level 1 in Transmutations
  1446 | D        | Reached skill level 1 in Earth Magic
  1463 | D        | Reached skill level 2 in Transmutations
  1463 | D        | Reached skill level 2 in Earth Magic
  1479 | D        | Reached skill level 3 in Transmutations
  1500 | D        | Arena points: 2906 (+990) [x10]
  1508 | D        | Bought 5 potions of heal wounds for 500 gold pieces
  1508 | D        | Bought a quad damage for 400 gold pieces
  1564 | D        | Round 10.
  1569 | D        | Noticed Arachne
  1577 | D        | Killed Arachne
  1577 | D        | Arena points: 3986 (+1080) [x12]
  1577 | D        | Reached skill level 8 in Transmutations
  1577 | D        | Reached skill level 6 in Earth Magic
  1578 | D        | Got a gossamer rune of Zot
  1581 | D        | Reached skill level 2 in Spellcasting
  1581 | D        | Reached skill level 7 in Earth Magic
  1581 | D        | Gained mutation: Your thick and shaggy fur keeps you warm. (AC +3, rC+) [Felid growth]
  1581 | D        | Reached XP level 12. HP: 22/63 MP: 25/25
  1759 | D        | Round 11.
  1773 | D        | Reached skill level 9 in Transmutations
  1835 | D        | Reached skill level 3 in Spellcasting
  1835 | D        | Reached XP level 13. HP: 67/67 MP: 26/26
  1843 | D        | Reached skill level 8 in Earth Magic
  1859 | D        | Reached skill level 4 in Spellcasting
  1879 | D        | Reached skill level 10 in Transmutations
  1903 | D        | Arena points: 5273 (+1287) [x13]
  1907 | D        | Bought a potion of experience for 300 gold pieces
  1907 | D        | Reached skill level 5 in Spellcasting
  1907 | D        | Reached XP level 14. HP: 66/71 MP: 27/27
  1908 | D        | Bought 2 potions of experience for 600 gold pieces
  1908 | D        | Reached skill level 9 in Earth Magic
  1908 | D        | Reached XP level 15. HP: 70/75 MP: 28/28
  1909 | D        | Reached skill level 6 in Spellcasting
  1909 | D        | Reached skill level 11 in Transmutations
  1909 | D        | Reached XP level 16. HP: 73/79 MP: 29/29
  1972 | D        | Round 12.
  2002 | D        | Reached skill level 7 in Spellcasting
  2002 | D        | Reached skill level 10 in Earth Magic
  2060 | D        | Reached skill level 12 in Transmutations
  2112 | D        | Arena points: 7289 (+2016) [x14]
  2127 | D        | Bought 3 potions of experience for 900 gold pieces
  2127 | D        | Reached skill level 8 in Spellcasting
  2127 | D        | Reached XP level 17. HP: 82/82 MP: 30/30
  2128 | D        | Reached skill level 11 in Earth Magic
  2128 | D        | Reached XP level 18. HP: 87/87 MP: 31/31
  2129 | D        | Reached skill level 9 in Spellcasting
  2129 | D        | Reached skill level 13 in Transmutations
  2129 | D        | Reached XP level 19. HP: 90/90 MP: 31/33
  2166 | D        | Round 13.
  2284 | D        | Reached skill level 10 in Spellcasting
  2284 | D        | Reached skill level 12 in Earth Magic
  2297 | D        | Reached skill level 14 in Transmutations
  2305 | D        | Arena points: 9629 (+2340) [x15]
  2373 | D        | Round 14.
  2434 | D        | Noticed Louise
  2443 | D        | Killed Louise
  2476 | D        | Reached skill level 11 in Spellcasting
  2490 | D        | Noticed Donald
  2495 | D        | Killed Donald
  2495 | D        | Reached skill level 15 in Transmutations
  2495 | D        | Reached skill level 13 in Earth Magic
  2544 | D        | Arena points: 12989 (+3360) [x16]
  2561 | D        | Round 15.
  2566 | D        | Noticed Agnes
  2568 | D        | Killed Agnes
  2568 | D        | Arena points: 15959 (+2970) [x18]
  2568 | D        | Reached skill level 14 in Fighting
  2568 | D        | Reached skill level 18 in Dodging
  2568 | D        | Reached skill level 14 in Unarmed Combat
  2569 | D        | Got a clouded diamond amulet
  2569 | D        | Got a mossy rune of Zot
  2570 | D        | Reached XP level 20. HP: 96/96 MP: 36/36
  2597 | D        | Bought 3 scrolls of identify for 150 gold pieces
  2597 | D        | Identified the amulet of the Failed Coup {Spirit Str+2 Int+2 SInv} (You found it in the Dungeon)
  2607 | D        | Bought a bound lead ring for 45 gold pieces
  2607 | D        | Bought a scintillating steel ring for 45 gold pieces
  2607 | D        | Bought a brightly glowing ruby amulet for 45 gold pieces
  2607 | D        | Bought a warped steel amulet for 45 gold pieces
  2607 | D        | Bought a heavily runed lapis lazuli ring for 45 gold pieces
  2607 | D        | Bought a steaming golden ring for 45 gold pieces
  2607 | D        | Bought a translucent bone ring for 45 gold pieces
  2607 | D        | Bought a slimy iron ring for 45 gold pieces
  2607 | D        | Bought a transparent golden ring for 45 gold pieces
  2607 | D        | Bought a translucent golden amulet for 45 gold pieces
  2607 | D        | Bought a faintly glowing amber ring for 45 gold pieces
  2607 | D        | Bought a coiled silver ring for 45 gold pieces
  2607 | D        | Bought a wavering jade ring for 45 gold pieces
  2607 | D        | Bought a transparent granite ring for 45 gold pieces
  2614 | D        | Bought 3 scrolls of identify for 150 gold pieces
  2614 | D        | Bought 3 scrolls of identify for 150 gold pieces
  2614 | D        | Bought 3 scrolls of identify for 150 gold pieces
  2614 | D        | Bought 3 scrolls of identify for 150 gold pieces
  2614 | D        | Bought 3 scrolls of identify for 150 gold pieces
  2614 | D        | Bought 3 scrolls of identify for 150 gold pieces
  2614 | D        | Bought 3 scrolls of identify for 150 gold pieces
  2614 | D        | Identified the amulet "Kenkigaeck" {Spirit rF+ Str-2 Int+4 Dex+4} (You bought it in a shop in the Dungeon)
  2615 | D        | Identified the amulet of the Exiled Lies {RegenMP Dex+5} (You bought it in a shop in the Dungeon)
  2616 | D        | Identified the amulet "Burryxz Ogosch" {Faith rElec rC+ Int+4 Stlth+} (You bought it in a shop in the Dungeon)
  2617 | D        | Identified the ring "Qeleplur" {MP+9 Dex+3 Stlth+} (You bought it in a shop in the Dungeon)
  2618 | D        | Identified the ring "Roisoonn" {Ice +Blink MP+9} (You bought it in a shop in the Dungeon)
  2619 | D        | Identified the ring "Fusuggonn" {+Blink Str+4 Int-5 SInv} (You bought it in a shop in the Dungeon)
  2620 | D        | Identified the ring "Pidgha" {*Slow rElec rF+ Int+5 Slay+2} (You bought it in a shop in the Dungeon)
  2621 | D        | Identified the ring of the Cuttlefish {AC+3 Slay+5} (You bought it in a shop in the Dungeon)
  2622 | D        | Identified the cursed ring "Xuiropnich" {rF- rC+ rN+ Dex-5} (You bought it in a shop in the Dungeon)
  2623 | D        | Identified the ring "Teiveq" {+Fly rElec rC+++ Str-3 Stlth-} (You bought it in a shop in the Dungeon)
  2624 | D        | Identified the ring "Wetup Feuter" {+Fly MP+9 Dex+3} (You bought it in a shop in the Dungeon)
  2625 | D        | Identified the ring of Rationality {rC+ MP-9 Str+3 Stlth+} (You bought it in a shop in the Dungeon)
  2626 | D        | Identified the ring "Loex" {+Blink rF+ Dex+2} (You bought it in a shop in the Dungeon)
  2627 | D        | Identified the ring "Ocaakler" {rPois rN+++ MR- Int-2 Stlth+} (You bought it in a shop in the Dungeon)
  2787 | D        | Round 16.
  2828 | D        | Noticed Nikola
  2834 | D        | Killed Nikola
  2834 | D        | Reached skill level 15 in Fighting
  2834 | D        | Reached skill level 19 in Dodging
  2834 | D        | Reached skill level 15 in Unarmed Combat
  2843 | D        | Noticed Frederick
  2845 | D        | Killed Frederick
  2845 | D        | Reached skill level 20 in Dodging
  2845 | D        | Reached skill level 16 in Unarmed Combat
  2849 | D        | Reached skill level 16 in Fighting
  2896 | D        | Arena points: 19911 (+3952) [x19]
  2911 | D        | Bought 3 scrolls of blinking for 225 gold pieces
  2911 | D        | Bought 3 scrolls of silence for 225 gold pieces
  2911 | D        | Bought 3 scrolls of fog for 60 gold pieces
  2930 | D        | Bought 6 potions of might for 168 gold pieces
  2930 | D        | Bought 6 potions of agility for 168 gold pieces
  2947 | D        | Round 17.
  3045 | D        | Reached skill level 21 in Dodging
  3045 | D        | Reached skill level 17 in Unarmed Combat
  3046 | D        | Reached skill level 17 in Fighting
  3075 | D        | Arena points: 20132 (+221) [x1]
  3085 | D        | Round 18.
  3129 | D        | HP: 29/130 [??? (6)]
  3134 | D        | HP: 19/130 [??? (4)]
  3158 | D        | HP: 25/130 [??? (5)]
  3166 | D        | Arena points: 20672 (+540) [x2]
  3210 | D        | Round 19.
  3218 | D        | Reached skill level 22 in Dodging
  3247 | D        | Reached skill level 18 in Fighting
  3247 | D        | Reached skill level 18 in Unarmed Combat
  3266 | D        | Gained mutation: Your body sometimes deteriorates upon taking damage. [a shining eye]
  3287 | D        | Arena points: 21413 (+741) [x3]
  3327 | D        | Round 20.
  3347 | D        | Reached skill level 23 in Dodging
  3350 | D        | Noticed Mara
  3353 | D        | Noticed esc's illusion
  3354 | D        | Killed Mara
  3354 | D        | Arena points: 22713 (+1300) [x5]
  3354 | D        | Reached skill level 19 in Fighting
  3354 | D        | Reached skill level 24 in Dodging
  3354 | D        | Reached skill level 19 in Unarmed Combat
  3355 | D        | Got a silver rune of Zot
  3515 | D        | Round 21.
  3558 | D        | Reached skill level 20 in Fighting
  3558 | D        | Reached skill level 20 in Unarmed Combat
  3573 | D        | Reached skill level 25 in Dodging
  3611 | D        | Arena points: 24855 (+2142) [x6]
  3645 | D        | Round 22.
  3677 | D        | Reached XP level 21. HP: 110/110 MP: 37/37
  3701 | D        | Reached skill level 21 in Unarmed Combat
  3714 | D        | Reached skill level 21 in Fighting
  3721 | D        | Arena points: 27473 (+2618) [x7]
  3752 | D        | Round 23.
  3769 | D        | Reached skill level 26 in Dodging
  3850 | D        | Reached skill level 22 in Fighting
  3850 | D        | Reached skill level 27 in Dodging
  3850 | D        | Reached skill level 22 in Unarmed Combat
  3861 | D        | Arena points: 31337 (+3864) [x8]
  3885 | D        | Bought a potion of mutation for 56 gold pieces
  3885 | D        | Bought 3 potions of mutation for 168 gold pieces
  3905 | D        | Round 24.
  3906 | D        | Gained mutation: You are frail. (-10% HP) [mutagenic meat]
  3907 | D        | Gained mutation: You are weak. (Str -2) [mutagenic meat]
  3909 | D        | Gained mutation: Your body often deteriorates upon taking damage. [mutagenic meat]
  3910 | D        | Gained mutation: Your magical capacity is low. (-10% MP) [mutagenic meat]
  3911 | D        | Gained mutation: You have a pair of small antennae on your head. [mutagenic meat]
  3912 | D        | Lost mutation: You are frail. (-10% HP) [potion of mutation]
  3912 | D        | Lost mutation: Your body often deteriorates upon taking damage. [potion of mutation]
  3912 | D        | Gained mutation: Your system is resistant to poisons. (rPois) [potion of mutation]
  3912 | D        | Gained mutation: You are resistant to hostile enchantments. (MR+) [potion of mutation]
  3913 | D        | Lost mutation: You are resistant to hostile enchantments. (MR+) [potion of mutation]
  3913 | D        | Gained mutation: You are very weak. (Str -4) [potion of mutation]
  3913 | D        | Lost mutation: Your magical capacity is low. (-10% MP) [potion of mutation]
  3913 | D        | Gained mutation: You do not regenerate when monsters are visible. [potion of mutation]
  3913 | D        | Gained mutation: You have a pair of antennae on your head. [potion of mutation]
  3914 | D        | Lost mutation: Your body sometimes deteriorates upon taking damage. [potion of mutation]
  3914 | D        | Lost mutation: Your system is resistant to poisons. (rPois) [potion of mutation]
  3914 | D        | Lost mutation: You have a pair of antennae on your head. [potion of mutation]
  3914 | D        | Gained mutation: You are partially covered in yellow scales. (AC +2) [potion of mutation]
  3914 | D        | Gained mutation: You can translocate small distances at will. [potion of mutation]
  3932 | D        | Lost mutation: You are very weak. (Str -4) [potion of mutation]
  3932 | D        | Lost mutation: You can translocate small distances at will. [potion of mutation]
  3932 | D        | Lost mutation: You do not regenerate when monsters are visible. [potion of mutation]
  3932 | D        | Gained mutation: You are frail. (-10% HP) [potion of mutation]
  3932 | D        | Gained mutation: You possess an exceptional clarity of mind. [potion of mutation]
  3932 | D        | Lost mutation: You are weak. (Str -2) [potion of mutation]
  3945 | D        | Bought a potion of mutation for 56 gold pieces
  3945 | D        | Lost mutation: You are frail. (-10% HP) [potion of mutation]
  3945 | D        | Lost mutation: You have a pair of small antennae on your head. [potion of mutation]
  3945 | D        | Lost mutation: You possess an exceptional clarity of mind. [potion of mutation]
  3945 | D        | Gained mutation: You are weak. (Str -2) [potion of mutation]
  3945 | D        | Lost mutation: You are weak. (Str -2) [potion of mutation]
  3945 | D        | Gained mutation: You are partially covered in thin metallic scales. (AC +2) [potion of mutation]
  3945 | D        | Gained mutation: Your spells are a little harder to cast, but a little more powerful. [potion of mutation]
  3955 | D        | Reached skill level 23 in Fighting
  3955 | D        | Reached skill level 23 in Unarmed Combat
  3974 | D        | Arena points: 34793 (+3456) [x9]
  3981 | D        | Gained mutation: You tend to lose your temper in combat. [mutagenic meat]
  3982 | D        | Gained mutation: You are somewhat resistant to further mutation. [mutagenic meat]
  3983 | D        | Gained mutation: You are surrounded by a mild repulsion field. (EV +2) [mutagenic meat]
  3985 | D        | Gained mutation: Your flesh is cold resistant. (rC+) [mutagenic meat]
  4024 | D        | Round 25.
  4029 | D        | Arena points: 38918 (+4125) [x11]
  4030 | D        | Got a slimy rune of Zot
  4031 | D        | Reached skill level 24 in Fighting
  4031 | D        | Reached skill level 24 in Unarmed Combat
  4031 | D        | Reached XP level 22. HP: 121/121 MP: 16/38
  4032 | D        | Reached XP level 23. HP: 125/125 MP: 16/39
  4143 | D        | Round 26.
  4212 | D        | Gained mutation: Your system is resistant to poisons. (rPois) [mutagenic meat]
  4261 | D        | Arena points: 39412 (+494) [x1]
  4271 | D        | Round 27.
  4276 | D        | Noticed an orb of fire
  4278 | D        | Killed an orb of fire
  4278 | D        | Reached skill level 25 in Fighting
  4278 | D        | Reached skill level 25 in Unarmed Combat
  4311 | D        | Reached skill level 26 in Fighting
  4311 | D        | Reached skill level 26 in Unarmed Combat
  4315 | D        | Noticed a Killer Klown
  4317 | D        | Killed a Killer Klown
  4337 | D        | Noticed an orb of fire
  4340 | D        | Killed an orb of fire
  4340 | D        | Reached skill level 27 in Fighting
  4340 | D        | Reached skill level 27 in Unarmed Combat
  4342 | D        | Reached skill level 12 in Spellcasting
  4344 | D        | Noticed a Killer Klown
  4346 | D        | Reached skill level 16 in Transmutations
  4346 | D        | Reached skill level 18 in Evocations
  4350 | D        | Reached skill level 14 in Earth Magic
  4351 | D        | Noticed a Killer Klown
  4355 | D        | Killed a Killer Klown
  4357 | D        | Reached skill level 13 in Spellcasting
  4358 | D        | Killed a Killer Klown
  4358 | D        | Reached skill level 17 in Transmutations
  4358 | D        | Reached skill level 19 in Evocations
  4363 | D        | Noticed an ancient lich
  4365 | D        | Reached skill level 15 in Earth Magic
  4367 | D        | Killed an ancient lich
  4367 | D        | Reached skill level 14 in Spellcasting
  4367 | D        | Reached skill level 18 in Transmutations
  4371 | D        | Arena points: 40492 (+1080) [x2]
  4525 | D        | Round 28.
  4531 | D        | Reached skill level 20 in Evocations
  4533 | D        | Reached skill level 16 in Earth Magic
  4545 | D        | Reached skill level 15 in Spellcasting
  4545 | D        | Reached skill level 19 in Transmutations
  4550 | D        | Reached XP level 24. HP: 136/136 MP: 43/43
  4560 | D        | Reached skill level 21 in Evocations
  4588 | D        | Reached skill level 17 in Earth Magic
  4599 | D        | Reached skill level 16 in Spellcasting
  4599 | D        | Reached skill level 20 in Transmutations
  4600 | D        | Noticed an ancient lich
  4604 | D        | Killed an ancient lich
  4604 | D        | Arena points: 42004 (+1512) [x3]
  4604 | D        | Reached skill level 17 in Spellcasting
  4604 | D        | Reached skill level 18 in Earth Magic
  4604 | D        | Reached skill level 22 in Evocations
  4642 | D        | Bought a book of Enchantments for 350 gold pieces
  4649 | D        | Learned a level 6 spell: Deflect Missiles
  4658 | D        | Learned a level 8 spell: Discord
  4667 | D        | Round 29.
  4668 | D        | Learned a level 9 spell: Shatter
  4669 | D        | Noticed an orb of ice
  4670 | D        | Killed from afar by an orb of ice
  4671 | D        | Reached XP level 23. HP: -8/170 MP: 40/45
  4675 | D        | HP: 6/170 [orb of ice/great icy blast (80)]
  4676 | D        | Killed an orb of ice
  4676 | D        | Reached skill level 5 in Hexes
  4676 | D        | Reached skill level 4 in Charms
  4676 | D        | Reached skill level 21 in Transmutations
  4676 | D        | Reached skill level 3 in Air Magic
  4676 | D        | Noticed an orb of electricity
  4676 | D        | Noticed an orb of ice
  4676 | D        | Killed from afar by an orb of ice
  4677 | D        | Reached XP level 22. HP: -38/165 MP: 42/44
  4678 | D        | Noticed an orb of electricity
  4684 | D        | Killed an orb of electricity
  4684 | D        | Reached skill level 8 in Hexes
  4684 | D        | Reached skill level 6 in Charms
  4684 | D        | Reached skill level 5 in Air Magic
  4686 | D        | Killed an orb of electricity
  4686 | D        | Reached skill level 10 in Hexes
  4686 | D        | Reached skill level 8 in Charms
  4686 | D        | Reached skill level 6 in Air Magic
  4686 | D        | Reached skill level 23 in Evocations
  4691 | D        | Noticed an orb of ice
  4693 | D        | Noticed an orb of fire
  4695 | D        | Killed an orb of fire
  4695 | D        | Reached skill level 18 in Spellcasting
  4695 | D        | Reached skill level 11 in Hexes
  4695 | D        | Reached skill level 9 in Charms
  4695 | D        | Reached skill level 7 in Air Magic
  4695 | D        | Reached skill level 19 in Earth Magic
  4697 | D        | Killed an orb of ice
  4697 | D        | Reached skill level 12 in Hexes
  4697 | D        | Reached skill level 10 in Charms
  4697 | D        | Reached skill level 22 in Transmutations
  4697 | D        | Reached skill level 8 in Air Magic
  4697 | D        | Noticed an orb of fire
  4697 | D        | HP: 14/165 [orb of ice/great icy blast (94)]
  4697 | D        | Killed from afar by an orb of ice

Vault maps used:
D:        arena_sprint

Skill      XL: |  1  2  3  4  5  6  7  8  9 10 11 12 13 14 15 16 17 18 19 20 21 22 23 24 |
---------------+-------------------------------------------------------------------------+-----
Dodging        | 3 5 8 6 9 11 13 14 16 17 18 25 27 | 27.0
Fighting       | 2 3 5 4 6 8 9 10 11 13 14 20 24 27 | 27.0
Unarmed Combat | 2 3 5 4 6 8 9 10 11 13 12 14 20 24 27 | 27.0
Evocations     | 4 7 6 8 10 11 13 15 17 23 20 22 | 23.4
Transmutations | 8 9 10 11 12 13 15 22 21 20 | 22.2
Earth Magic    | 7 8 9 10 11 13 19 16 18 | 19.2
Spellcasting   | 2 3 5 6 8 9 11 18 15 17 | 18.3
Hexes          | 12 5 | 12.3
Charms         | 10 4 | 10.5
Air Magic      | 8 3 |  8.2
Stealth        | |  1.3

Action                   |  1- 3 |  4- 6 |  7- 9 | 10-12 | 13-15 | 16-18 | 19-21 | 22-24 || total
-------------------------+-------+-------+-------+-------+-------+-------+-------+-------++-------
Melee: Unarmed           |    26 |    28 |    63 |    75 |     7 |    16 |   183 |    61 ||   459
       Bite              |     3 |     6 |     6 |     9 |       |       |     4 |     1 ||    29
       Punch             |     1 |     1 |     3 |     3 |       |       |     5 |     4 ||    17
 Cast: Statue Form       |       |       |       |       |       |       |    22 |    12 ||    34
Invok: Serpent's Lash    |       |       |     1 |       |       |       |       |       ||     1
       Heaven On Earth   |       |       |       |     1 |       |       |       |       ||     1
 Abil: Evoke Berserk Rag |       |       |     1 |       |       |       |       |       ||     1
Evoke: Wand              |    12 |     6 |     6 |       |       |       |       |       ||    24
  Use: Potion            |       |       |     3 |     2 |     3 |     3 |     7 |     1 ||    19
       Scroll            |       |       |       |       |       |       |    16 |     1 ||    17
 Stab: Confused          |       |       |     3 |     3 |       |       |       |       ||     6
       Distracted        |       |       |       |       |       |       |     3 |       ||     3
  Eat: Chunk             |       |    11 |     2 |     8 |       |       |    21 |    18 ||    60
Armor: Skin              |     1 |       |       |       |       |     1 |    14 |     4 ||    20
Dodge: Dodged            |    18 |    20 |    39 |    54 |     1 |     7 |    96 |    29 ||   264

Vault maps used:
D:        arena_sprint

Table legend:
 A = Turns spent in this place as a percentage of turns spent in the entire game.
 B = Non-inter-level travel turns spent in this place as a percentage of non-inter-level travel turns spent in the entire game.
 C = Inter-level travel turns spent in this place as a percentage of turns spent in this place.
 D = Turns resting spent in this place as a percentage of non-inter-level travel turns spent in this place.
 E = Turns spent auto-exploring this place as a percentage of non-inter-level travel turns spent in this place.
 F = Non-inter-level travel turns spent in this place divided by the number of levels of this place that you've seen.
                   A       B       C       D       E      F
               +-------+-------+-------+-------+-------+----------------------
         Total | 100.0 | 100.0 |   0.1 |   6.1 |   0.1 | 2998.0
       Dungeon | 100.0 | 100.0 |   0.1 |   6.1 |   0.1 | 2998.0
               +-------+-------+-------+-------+-------+----------------------

Table legend:
 A = Kills in this place as a percentage of kills in entire the game.
 B = Kills by you in this place as a percentage of kills by you in the entire game.
 C = Kills by friends in this place as a percentage of kills by friends in the entire game.
 D = Other kills in this place as a percentage of other kills in the entire game.
 E = Experience gained in this place as a percentage of experience gained in the entire game.
 F = Experience gained in this place divided by the number of levels of this place that you have seen.
                   A       B       C       D       E      F
               +-------+-------+-------+-------+-------+----------------------
         Total | 100.0 | 100.0 |  -nan |  -nan | 100.0 | 328328.0
       Dungeon | 100.0 | 100.0 |  -nan |  -nan | 100.0 | 328328.0
               +-------+-------+-------+-------+-------+----------------------
